 Dungeon Crawl Stone Soup version 0.25.1-1-g288607f5aa (webtiles) character file.

Game seed: 9079449162988725135

271929 DildoBatman the Earth Mage (level 21, -4/153 HPs)
             Began as a Formicid Wizard on July 22, 2020.
             Was an Initiate of Gozag.
             Slain by a deep troll (16 damage)
             ... summoned by the Statue of Wucad Mu
             ... in a wizard's laboratory on July 23, 2020.
             The game lasted 02:43:19 (35118 turns).

DildoBatman the Earth Mage (Formicid Wizard)       Turns: 35118, Time: 02:43:19

Health: -4/153     AC: 30    Str: 20    XL:     21   Next: 10%
Magic:  27/38      EV: 16    Int: 36    God:    Gozag
Gold:   6488       SH: 20    Dex: 14    Spells: 22/46 levels left

rFire    + + +     SeeInvis +   b - +11 war axe of Gimaetaa {freeze, rElec MR++}
rCold    + . .     Gourm    .   J - +0 tower shield
rNeg     . . .     Faith    .   o - +4 troll leather armour of the Jabberwock {rF+ Regen+}
rPois    +         Spirit   .   (helmet unavailable)
rElec    +         Reflect  .   Q - +1 cloak
rCorr    +         Harm     .   R - +3 pair of gauntlets of War {Slay+5}
MR       ++++.     Clarity  +   Z - +1 pair of boots
Stlth    ++........             m - amulet of magic regeneration
HPRegen  0.75/turn              k - ring of Joggom {Int+6 Dex+5}
MPRegen  0.51/turn              X - ring "Ybboleac" {rF+ Str+6 Int+4}

@: mighty, icy armour, resistant, stab
A: permanent stasis, dig shafts and tunnels, four strong arms, antennae 3, claws
1, clarity, mutation resistance 1, shaggy fur 1, wild magic 1
}: 2/15 runes: serpentine, barnacled
a: Dig, Shaft Self, Potion Petition, Call Merchant, Bribe Branch, Renounce
Religion


You were in a wizard's laboratory.
You worshipped Gozag.
Gozag was greatly pleased with you.
You were full.

You visited 7 branches of the dungeon, and saw 34 of its levels.
You also visited: Gauntlet and Wizlab.

You collected 12759 gold pieces.
You spent 3249 gold pieces at shops.
You paid 3022 gold pieces to Gozag.

Inventory:

Hand Weapons
 a - the +6 shortbow "Cothroschu" {flame, rElec Int+3}
   (You found it in a Gauntlet)

   It causes projectiles fired from it to burn those they strike, causing extra
   injury to most foes and up to half again as much damage against particularly
   susceptible opponents.
   It affects your intelligence (+3).
   It insulates you from electricity.
 b - the +11 war axe of Gimaetaa (weapon) {freeze, rElec MR++}
   (You found it on level 4 of the Shoals)

   It has been specially enchanted to freeze those struck by it, causing extra
   injury to most foes and up to half again as much damage against particularly
   susceptible opponents.
   It can also slow down cold-blooded creatures.
   It insulates you from electricity.
   It affects your resistance to hostile enchantments.
 d - the +5 whip of Action {speed, rPois rF+ rN+ MR++}
   (You bought it in a shop on level 2 of the Orcish Mines)

   Attacks with this weapon are significantly faster.
   It protects you from fire.
   It protects you from poison.
   It protects you from negative energy.
   It affects your resistance to hostile enchantments.
 e - the +7 mace "Wuwioc" {speed, +Inv}
   (You found it in a Gauntlet)

   Attacks with this weapon are significantly faster.
   It lets you turn invisible.
 u - the +2 morningstar "Sufidwyw" {freeze, Str+7 Int+8 Dex-3}
   (You found it on level 13 of the Dungeon)

   It has been specially enchanted to freeze those struck by it, causing extra
   injury to most foes and up to half again as much damage against particularly
   susceptible opponents.
   It can also slow down cold-blooded creatures.
   It affects your strength (+7).
   It affects your intelligence (+8).
   It affects your dexterity (-3).
Missiles
 y - 1317 arrows
 T - 16 throwing nets (quivered)
Armour
 o - the +4 troll leather armour of the Jabberwock (worn) {rF+ Regen+}
   (You bought it in a shop on level 4 of the Snake Pit)

   It protects you from fire.
   It increases your rate of regeneration.
 J - a +0 tower shield (worn)
 Q - a +1 cloak (worn)
 R - the +3 pair of gauntlets of War (worn) {Slay+5}
   (You bought it in a shop on level 1 of the Vaults)

   It affects your accuracy and damage with ranged weapons and melee attacks
   (+5).
 Z - a +1 pair of boots (worn)
Jewellery
 g - the ring of Zayt {rPois rF+ rC+ MR+ Stlth+}
   (You found it in a Gauntlet)

   [ring of protection from magic]

   It protects you from fire.
   It protects you from cold.
   It protects you from poison.
   It affects your resistance to hostile enchantments.
   It makes you more stealthy.
 k - the ring of Joggom (left hand) {Int+6 Dex+5}
   (You found it on level 8 of the Dungeon)

   [ring of intelligence]

   It affects your intelligence (+6).
   It affects your dexterity (+5).
 m - an amulet of magic regeneration (around neck)
 r - an uncursed amulet of regeneration
 D - a +4 ring of protection
 X - the ring "Ybboleac" (right hand) {rF+ Str+6 Int+4}
   (You took it off a centaur warrior on level 8 of the Dungeon)

   [ring of strength]

   It affects your strength (+6).
   It affects your intelligence (+4).
   It protects you from fire.
Wands
 I - a wand of disintegration (21)
 L - a wand of clouds (3)
 O - a wand of acid (5)
 V - a wand of iceblast (47)
Scrolls
 l - 5 scrolls of fear
 p - 2 scrolls of summoning
 t - a scroll of torment
 x - 8 scrolls of remove curse
 z - 4 scrolls of identify
 A - a scroll of immolation
 F - 6 scrolls of fog
 N - 4 scrolls of holy word
 U - a scroll of enchant armour
Potions
 f - 3 potions of stabbing
 i - 3 potions of brilliance
 j - 4 potions of might
 s - 2 potions of flight
 w - 14 potions of curing
 E - 4 potions of magic
 G - a potion of resistance
 K - a potion of mutation
 M - 6 potions of cancellation
 S - a potion of invisibility
Miscellaneous
 P - a tin of tremorstones (3/3)
Comestibles
 v - 18 rations


   Skills:
 - Level 10.0 Fighting
 - Level 10.0 Armour
 - Level 8.0 Dodging
 - Level 2.4 Stealth
 - Level 15.0 Shields
 - Level 13.0 Spellcasting
 - Level 6.0 Conjurations
 - Level 6.0 Charms
   Level 1.0 Summonings
 * Level 18.0 Necromancy
   Level 0.8 Translocations
 - Level 5.0 Fire Magic
 - Level 6.0 Ice Magic
 - Level 5.0 Air Magic
 - Level 18.0 Earth Magic


You had 22 spell levels left.
You knew the following spells:

 Your Spells              Type           Power        Failure   Level  Hunger
a - Conjure Flame         Conj/Fire      ######..     1%          3    None
b - Borgnjor's Vile Clut  Necr/Erth      ########..   1%          5    None
c - Magic Dart            Conj           ####         1%          1    None
d - Vampiric Draining     Necr           ########..   1%          3    None
e - Mephitic Cloud        Conj/Pois/Air  ######..     2%          3    None
g - Ozocubu's Armour      Chrm/Ice       ######..     1%          3    None
h - Dispel Undead         Necr           ########     1%          4    None
z - Sublimation of Blood  Necr           ########..   1%          2    None

Your spell library contained the following spells:

 Spells                   Type           Power        Failure   Level  Hunger
 Animate Skeleton         Necr           N/A          1%          1    None
 Foxfire                  Conj/Fire      ####         1%          1    None
 Freeze                   Ice            ####         1%          1    None
 Pain                     Necr           ####         1%          1    None
 Sandblast                Erth           ######       1%          1    None
 Shock                    Conj/Air       ####         1%          1    None
 Corpse Rot               Necr/Air       N/A          1%          2    None
 Ensorcelled Hibernation  Hex/Ice        ######       1%          2    None
 Passwall                 Tmut/Erth      #######.     1%          2    None
 Frozen Ramparts          Ice            ######       1%          3    None
 Static Discharge         Conj/Air       ######..     1%          3    None
 Stone Arrow              Conj/Erth      ######       1%          3    None
 Animate Dead             Necr           N/A          1%          4    None
 Petrify                  Tmut/Erth      #######.     1%          4    None
 Agony                    Necr           ########     1%          5    None
 Excruciating Wounds      Chrm/Necr      #######...   1%          5    None
 Lee's Rapid Deconstruct  Erth           ########..   1%          5    None
 Death Channel            Necr           ########..   1%          6    ###....
 Summon Small Mammal      Summ           ####         2%          1    None
 Corona                   Hex            ####...      3%          1    None
 Call Imp                 Summ           #####...     3%          2    None
 Dazzling Flash           Conj/Hex       ######       3%          3    None
 Inner Flame              Hex/Fire       ######..     3%          3    None
 Hailstorm                Conj/Ice       ######..     3%          4    None
 Slow                     Hex            ####....     4%          2    None
 Airstrike                Air            ######....   4%          4    None
 Call Canine Familiar     Summ           #####...     6%          3    None
 Summon Ice Beast         Ice/Summ       ######..     7%          4    None
 Summon Guardian Golem    Hex/Summ       #####...     8%          3    None
 Confusing Touch          Hex            ####....     9%          3    None
 Tukima's Dance           Hex            ####....     9%          3    None
 Summon Lightning Spire   Summ/Air       ######..     9%          4    None
 Fireball                 Conj/Fire      ######....   9%          5    None
 Lightning Bolt           Conj/Air       ######....   9%          5    None
 Borgnjor's Revivificati  Necr           ########..   12%         8    ######.
 Infestation              Necr           ########..   12%         8    ######.
 Metabolic Englaciation   Hex/Ice        ######....   22%         5    None
 Freezing Cloud           Conj/Ice/Air   ######....   36%         6    ###....
 Haunt                    Necr/Summ      #######...   41%         7    #####..
 Death's Door             Chrm/Necr      #######...   73%         8    ######.
 Necromutation            Tmut/Necr      #######...   98%         8    ######.
 Swiftness                Chrm/Air       Unusable     N/A         2    N/A
 Blink                    Tloc           Unusable     N/A         2    N/A

Dungeon Overview and Level Annotations

Branches:
Dungeon (15/15)            Temple (1/1) D:7            Lair (6/6) D:9
 Shoals (4/4) Lair:2        Snake (4/4) Lair:2        Slime (0/5) Lair:6
    Orc (2/2) D:10            Elf (0/3) Orc:2        Vaults (2/5) D:14
 Depths (0/5) D:15         WizLab (1/1)             Gauntlet (visited)
  Crypt: Vaults:2-3

Altars:
Ashenzari
Cheibriados
Dithmenos
Elyvilon
Fedhas
Gozag
Hepliaklqana
Kikubaaqudgha
Makhleb
Nemelex Xobeh
Okawaru
Qazlal
Ru
Sif Muna
Trog
Uskayaw
Vehumet
Wu Jian
Xom
Yredelemnul
Zin
The Shining One
Beogh
Jiyva

Shops:
D:5 *   D:8 %   Orc:2 !:(!   Shoals:1 =   Snake:3 [   Snake:4 [   Vaults:1 [

Annotations:
WizLab exclusion: orange crystal statue


Innate Abilities, Weirdness & Mutations

You cannot be hasted, slowed, berserked, paralysed or teleported.
You can dig through walls and to a lower floor.
Your four strong arms can wield two-handed weapons with a shield.
You have a pair of large antennae on your head. (SInv)
You have sharp fingernails.
You possess an exceptional clarity of mind.
You are somewhat resistant to further mutation.
You are covered in fur. (AC +1)
Your spells are a little harder to cast, but a little more powerful.


Message History

The monstrous demonspawn closely misses you.
You block the monstrous demonspawn's attack.
The monstrous demonspawn barely misses you.
You block the grey draconian monk's attack.
The grey draconian monk kicks you.
You block the grey draconian monk's attack.
The grey draconian monk tail-slaps you but does no damage.
You block the monstrous demonspawn's attack.
The monstrous demonspawn claws you but does no damage.
The monstrous demonspawn completely misses you. [a] - 63 gold - flight [b] - 486 gold - resistance, might and stabbing [c] - 120 gold - brilliance Purchase which effect?
You feel protected.
You feel very mighty all of a sudden.
You feel ready to backstab. The deep troll bites you!
You die...
Your body crumbles into a pile of gold.

♣♣♣♣♣♣♣♣♣
♣♣♣♣♣♣♣♣♣♣♣...♣♣..♣♣♣♣♣♣♣
♣♣♣♣...♣♣.♣@6♣.T......♣..♣..
♣.........q6TW.#####........
♣♣♣..........6T.## ##.......
♣............#### ####....
♣♣♣..###......## . ##..##...
♣...##.##....## #'##....##..
♣♣.##.⌠.##..♣# ....8....#♣.
♣...##.##...## .........##.
♣....#'#.....# .8.....8T{..


You could see a grey draconian monk (summoned, slow), 3 demonspawn, 2 deep
trolls and a shadow (summoned, invisible).

Vanquished Creatures
  Saint Roka (Snake:2)
  Jory (Vaults:2)
  3 krakens
  Frances (Snake:1)
  A storm dragon (D:14)
  11 nagarajas
  Ilsuiw (Shoals:4)
  Aizul (Snake:1)
  4 ironheart preservers
  A deep elf demonologist (Vaults:1)
  A minotaur (Gauntlet)
  A deep elf death mage (Vaults:1)
  7 merfolk impalers
  3 merfolk javelineers
  2 fire dragons
  5 ogre magi
  2 yaktaur captains
  Josephine (Orc:1)
  Fannar (D:10)
  2 ice dragons (Vaults:1)
  A great orb of eyes (Gauntlet)
  9 hydras
  Harold (D:10)
  2 rakshasas
  16 naga warriors
  8 anacondas
  A death knight (D:13)
  6 two-headed ogres
  3 merfolk avatars
  7 merfolk aquamancers
  4 alligator snapping turtles
  7 centaur warriors
  3 satyrs
  A death yak (Lair:5)
  A deep troll earth mage (D:14)
  A tengu warrior (D:13)
  10 shock serpents
  Nergalle (Lair:1)
  Sonja (D:10)
  26 naga sharpshooters
  2 fire crabs
  5 deep elf knights (Vaults:1)
  6 skeletal warriors (D:15)
  3 salamander mystics
  An unseen horror (D:13)
  24 sea snakes
  4 wizards
  9 naga ritualists
  8 deep trolls
  24 harpies
  The ghost of qipq the Stinger, a novice CeVM of Sif Muna (D:4)
  2 deep elf archers (Vaults:1)
  Pikel (D:4)
  3 wolf spider zombies (D:15)
  A phantasmal warrior (D:13)
  9 ugly things
  15 orc knights
  8 deep elf magi
  The ghost of Acheron the Cudgeler, a novice DsHu (D:7)
  7 cyclopes
  6 fauns
  4 oklob plants
  13 orc sorcerers
  13 salamanders
  8 mana vipers
  12 manticores
  3 elephants (Lair:6)
  22 naga magi
  8 merfolk sirens
  33 black mambas
  3 guardian serpents
  13 water nymphs
  2 molten gargoyles (Lair:6)
  3 vault sentinels (Vaults:1)
  A torpor snail (Lair:5)
  A spiny frog (shapeshifter) (Vaults:1)
  7 spiny frogs
  A death yak zombie (Lair:2)
  A rime drake (Lair:5)
  A freezing wraith (D:13)
  A yaktaur (shapeshifter) (Vaults:1)
  9 komodo dragons
  A yaktaur (Vaults:1)
  10 trolls
  19 merfolk
  A tengu conjurer (D:15)
  2 hydra zombies
  A hornet (shapeshifter) (D:15)
  A polar bear (shapeshifter) (Vaults:1)
  Prince Ribbit (Lair:3)
  A meliai (shapeshifter) (Vaults:1)
  Grinder (D:5)
  A jumping spider (shapeshifter) (D:13)
  2 hornets
  2 wind drakes
  A tengu simulacrum (Vaults:1)
  22 slime creatures
  6 blink frogs
  11 dream sheep
  11 snapping turtles
  7 hippogriffs
  A spriggan (D:11)
  A black mamba zombie (Lair:2)
  Sigmund (D:4)
  2 shadows
  8 wyverns
  35 yaks
  3 fire bats (Gauntlet)
  A tarantella (shapeshifter) (D:15)
  A wyvern (shapeshifter) (D:13)
  3 black mamba skeletons
  Grum (D:10)
  A human (D:11)
  6 vampire mosquitoes
  12 wraiths
  12 water elementals
  3 hungry ghosts
  2 steam dragons (Lair:6)
  5 basilisks
  3 wargs
  3 acid dragons
  39 nagas
  3 spiny frog zombies
  12 water moccasins
  8 porcupines
  4 hell hounds (Lair:6)
  A floating eye (shapeshifter) (D:15)
  A hornet zombie (D:8)
  4 slaves
  2 sky beasts
  3 necrophages
  5 ice beasts
  A black bear (D:11)
  4 phantoms
  5 boggarts (D:15)
  38 orc warriors
  An elephant zombie (Lair:1)
  2 dream sheep zombies
  An eye of draining (D:14)
  18 ogres
  4 wolves (D:9)
  30 centaurs
  8 crocodiles
  3 big kobolds
  A rime drake zombie (Lair:2)
  A komodo dragon zombie (Lair:1)
  3 gnoll sergeants
  3 wyvern zombies
  19 bullfrogs
  A water moccasin zombie (Lair:4)
  A spiny frog simulacrum (Gauntlet)
  2 hippogriff skeletons (Lair:4)
  A cyclops skeleton (Orc:2)
  A hornet simulacrum (D:7)
  A scorpion (D:4)
  A warg zombie (Orc:2)
  A water moccasin skeleton (Lair:2)
  A yak zombie (Lair:4)
  14 killer bees
  10 wights
  A wolf zombie (Lair:4)
  4 electric eels
  A howler monkey (D:6)
  6 crimson imps
  3 bullfrog zombies
  4 centaur zombies
  4 jellies
  5 lava snakes (Lair:6)
  2 quasits
  A basilisk zombie (Lair:3)
  2 bullfrog skeletons
  6 centaur skeletons
  A kobold skeleton (D:9)
  22 orc priests
  2 hounds
  A basilisk skeleton (Lair:2)
  2 porcupine zombies (Lair:4)
  Terence (D:2)
  An iguana (D:5)
  42 orc wizards
  12 worker ants
  3 ogre zombies (Orc:2)
  3 centaur simulacra
  2 ogre skeletons (Orc:2)
  A hound zombie (D:8)
  A hound skeleton (D:8)
  2 worker ant zombies
  Robin (D:4)
  22 gnolls
  5 orc zombies
  14 adders
  9 orc skeletons
  5 shadow imps
  2 white imps (D:7)
  An adder skeleton (D:8)
  An adder zombie (D:8)
  3 worms
  A dart slug (D:2)
  An adder simulacrum (D:7)
  8 leopard geckos
  89 orcs
  5 bats
  10 giant cockroaches
  17 goblins
  11 hobgoblins
  4 jackals (D:1)
  16 kobolds
  8 quokkas
  A ball python (D:3)
  6 frilled lizards
  A jackal zombie (D:6)
  A quokka skeleton (D:8)
  9 rats
  A butterfly (D:7)
  2 fungi
  16 plants
  4 tentacles
1330 creatures vanquished.

Vanquished Creatures (collateral kills)
  A sea snake (Shoals:4)
  A merfolk (Shoals:4)
2 creatures vanquished.

Vanquished Creatures (others)
  An electric eel (Lair:2)
  An adder (D:4)
  A fungus (D:8)
  46 plants
  61 tentacles
  A withered plant (Gauntlet)
111 creatures vanquished.

Grand Total: 1443 creatures vanquished

Notes
Turn   | Place    | Note
-------+----------+-------------------------------------------
     0 | D:1      | DildoBatman the Formicid Wizard began the quest for the
                  | Orb.
     0 | D:1      | Reached XP level 1. HP: 13/13 MP: 4/4
    95 | D:1      | Reached skill level 1 in Conjurations
   333 | D:1      | Reached XP level 2. HP: 19/19 MP: 3/6
   879 | D:1      | Reached XP level 3. HP: 24/24 MP: 2/7
   891 | D:1      | Learned a level 3 spell: Conjure Flame
   895 | D:1      | Learned a level 3 spell: Mephitic Cloud
  1077 | D:2      | Reached XP level 4. HP: 17/30 MP: 0/8
  1147 | D:2      | Noticed Terence
  1368 | D:2      | Found a shimmering altar of Xom.
  1373 | D:2      | Found a radiant altar of Vehumet.
  1623 | D:3      | Found a faded altar of an unknown god.
  1648 | D:3      | Reached XP level 5. HP: 35/35 MP: 2/9
  1690 | D:3      | Found a bloodstained altar of Trog.
  1775 | D:3      | Found an ancient bone altar of Kikubaaqudgha.
  1778 | D:3      | Became a worshipper of Kikubaaqudgha
  1964 | D:2      | Killed Terence
  2173 | D:3      | Found a glowing golden altar of the Shining One.
  2256 | D:4      | Noticed a slave
  2256 | D:4      | Noticed a slave
  2296 | D:3      | Killed a slave
  2315 | D:4      | Reached XP level 6. HP: 15/41 MP: 5/10
  2391 | D:4      | Noticed Pikel
  2407 | D:4      | Noticed a slave
  2408 | D:4      | Noticed a slave
  2410 | D:4      | Killed Pikel
  2410 | D:4      | Reached skill level 5 in Conjurations
  2410 | D:4      | Reached XP level 7. HP: 26/46 MP: 1/11
  2573 | D:4      | Reached XP level 8. HP: 14/52 MP: 6/12
  2637 | D:4      | Reached * piety under Kikubaaqudgha
  2637 | D:4      | Identified Kikubaaqudgha's Catalogue of Necromancy
                  | (Kikubaaqudgha gifted it to you on level 4 of the Dungeon)
  2637 | D:4      | Received a gift from Kikubaaqudgha
  2670 | D:4      | Found an ornate altar of the Wu Jian Council.
  2765 | D:4      | Found a runed translucent gate.
  2765 | D:4      | Found a runed translucent gate.
  2765 | D:4      | Found a runed translucent gate.
  2765 | D:4      | Noticed qipq's ghost (novice CeVM)
  2921 | D:4      | Noticed Robin
  2936 | D:4      | Killed Robin
  3233 | D:5      | Entered Level 5 of the Dungeon
  3233 | D:5      | Found a hazy altar of Hepliaklqana.
  3233 | D:5      | Noticed Sigmund
  3245 | D:4      | Killed Sigmund
  3400 | D:5      | Found a white marble altar of Elyvilon.
  3443 | D:5      | Reached ** piety under Kikubaaqudgha
  3451 | D:5      | Reached skill level 1 in Fighting
  3451 | D:5      | Reached skill level 1 in Armour
  3525 | D:5      | Found Maummynin's Elemental Accessories.
  3526 | D:5      | Noticed Grinder
  3908 | D:6      | Reached skill level 5 in Fire Magic
  3908 | D:6      | Reached XP level 9. HP: 61/61 MP: 8/13
  4459 | D:6      | Found a shattered altar of Ashenzari.
  4975 | D:7      | Reached skill level 1 in Shields
  5008 | D:7      | Found a staircase to the Ecumenical Temple.
  5013 | Temple   | Entered the Ecumenical Temple
  5201 | D:7      | Found a shimmering blue altar of Sif Muna.
  5221 | D:7      | Noticed Acheron's ghost (novice DsHu)
  5243 | D:7      | Found a runed translucent gate.
  5243 | D:7      | Found a runed translucent gate.
  5243 | D:7      | Found a runed translucent gate.
  5468 | D:7      | Found a shadowy altar of Dithmenos.
  5924 | D:8      | Reached skill level 1 in Necromancy
  5952 | D:8      | Reached *** piety under Kikubaaqudgha
  5952 | D:8      | Identified Kikubaaqudgha's Incunabulum of Darkness
                  | (Kikubaaqudgha gifted it to you on level 8 of the Dungeon)
  5952 | D:8      | Received a gift from Kikubaaqudgha
  5964 | D:8      | Learned a level 4 spell: Dispel Undead
  6169 | D:8      | Reached XP level 10. HP: 58/71 MP: 8/15
  6285 | D:8      | Found a sacrificial altar of Ru.
  6452 | D:8      | Found Beawn's Food Shop.
  6517 | D:8      | Reached skill level 5 in Air Magic
  6590 | D:8      | Found a stormy altar of Qazlal.
  7253 | D:8      | Identified the ring "Ybboleac" {rF+ Str+6 Int+4}
  7253 | D:8      | Noticed a centaur warrior
  7255 | D:8      | Reached skill level 5 in Fighting
  7290 | D:8      | Learned a level 3 spell: Vampiric Draining
  7308 | D:8      | Killed a centaur warrior
  7308 | D:8      | Reached skill level 5 in Armour
  7350 | D:8      | Learned a level 2 spell: Sublimation of Blood
  7362 | D:8      | Noticed a cyclops
  7517 | D:5      | Killed Grinder
  7517 | D:5      | Reached skill level 5 in Spellcasting
  7659 | D:4      | Killed qipq's ghost
  7659 | D:4      | Reached skill level 5 in Dodging
  7822 | D:7      | Killed Acheron's ghost
  7822 | D:7      | Reached **** piety under Kikubaaqudgha
  7822 | D:7      | Reached XP level 11. HP: 63/81 MP: 2/19
  7875 | D:7      | Got the ring "Oxtuwyx" {Fire}
  8093 | D:8      | Killed a cyclops
  8187 | D:8      | Got a flickering lapis lazuli ring
  8189 | D:8      | Identified the ring of Joggom {Int+6 Dex+5} (You found it
                  | on level 8 of the Dungeon)
  8216 | D:8      | Got a bound tin amulet
  8391 | D:9      | Identified the amulet "Azel" {Inacc Str+5} (You found it on
                  | level 8 of the Dungeon)
  8551 | D:9      | Found a staircase to the Lair.
  8624 | D:9      | Reached skill level 5 in Necromancy
  8657 | D:9      | Noticed an eight-headed hydra
  8665 | D:9      | Learned a level 5 spell: Borgnjor's Vile Clutch
  8734 | D:9      | Reached skill level 1 in Earth Magic
  8825 | D:9      | Reached ***** piety under Kikubaaqudgha
  8980 | D:10     | Entered Level 10 of the Dungeon
  8984 | D:10     | Noticed Grum
  9106 | D:10     | Killed Grum
  9155 | D:10     | Found a staircase to the Orcish Mines.
  9340 | D:10     | Noticed Fannar
  9355 | D:10     | Killed Fannar
  9527 | D:10     | Noticed Harold
  9563 | D:10     | Killed Harold
  9563 | D:10     | Reached skill level 5 in Earth Magic
  9590 | D:10     | Noticed Sonja
  9597 | D:10     | Killed Sonja
  9597 | D:10     | Reached XP level 12. HP: 81/89 MP: 6/21
  9954 | D:9      | Killed an eight-headed hydra
 10029 | Orc:1    | Entered Level 1 of the Orcish Mines
 10321 | Orc:1    | Noticed a two-headed ogre
 10332 | Orc:1    | Killed a two-headed ogre
 10848 | Orc:2    | Entered Level 2 of the Orcish Mines
 10852 | Orc:2    | Noticed Josephine
 10912 | Orc:2    | Reached ****** piety under Kikubaaqudgha
 11029 | Orc:1    | Received a gift from Kikubaaqudgha
 11033 | Orc:1    | Fell from the grace of Kikubaaqudgha
 11126 | Temple   | Became a worshipper of Gozag Ym Sagoz the Greedy
 11334 | Orc:1    | Killed Josephine
 11334 | Orc:1    | Reached XP level 13. HP: 65/96 MP: 15/23
 12186 | Orc:2    | Noticed an ogre mage
 12199 | Orc:2    | Killed an ogre mage
 12305 | Orc:2    | Noticed an ogre mage
 12307 | Orc:2    | Found a radiant altar of Vehumet.
 12312 | Orc:2    | Killed an ogre mage
 12316 | Orc:2    | Found Haniuqu's Book Shop.
 12465 | Orc:2    | Found Kimisean's Distillery.
 12498 | Orc:2    | Bought a potion of degeneration for 15 gold pieces
 12498 | Orc:2    | Bought a potion of mutation for 120 gold pieces
 12498 | Orc:2    | Bought a potion of magic for 120 gold pieces
 12498 | Orc:2    | Bought a potion of invisibility for 120 gold pieces
 12499 | Orc:2    | Gained mutation: Your spells are a little harder to cast,
                  | but a little more powerful. [potion of mutation]
 12499 | Orc:2    | Gained mutation: You are agile. (Dex +2) [potion of
                  | mutation]
 12503 | Orc:2    | Bought a potion of curing for 45 gold pieces
 12503 | Orc:2    | Bought 2 potions of curing for 90 gold pieces
 12514 | Orc:2    | Found an ancient bone altar of Kikubaaqudgha.
 12527 | Orc:2    | Found a roughly hewn altar of Beogh.
 12598 | Orc:2    | Found Uqidipn's Antique Weapon Shop.
 12637 | Orc:2    | Found Opuo's Distillery.
 12716 | Orc:2    | Found a staircase to the Elven Halls.
 12937 | Orc:2    | Bought a polished mace for 264 gold pieces
 12937 | Orc:2    | Bought a crude whip for 247 gold pieces
 12941 | Orc:2    | Identified the +5 whip of Action {speed, rPois rF+ rN+
                  | MR++} (You bought it in a shop on level 2 of the Orcish
                  | Mines)
 12944 | Orc:2    | Identified the +7 mace "Earthworm" {elec, rN+} (You bought
                  | it in a shop on level 2 of the Orcish Mines)
 13322 | Lair:1   | Entered Level 1 of the Lair of Beasts
 13430 | Lair:1   | Noticed an eight-headed hydra
 13441 | Lair:1   | Killed an eight-headed hydra
 13543 | Lair:1   | Noticed Nergalle
 13557 | Lair:1   | Killed Nergalle
 14045 | Lair:2   | Reached skill level 10 in Fighting
 14045 | Lair:2   | Reached skill level 10 in Armour
 14228 | Lair:2   | Found a staircase to the Shoals.
 14287 | Lair:2   | Reached XP level 14. HP: 86/110 MP: 20/25
 14313 | Lair:2   | Got a brightly glowing falchion
 14323 | Lair:2   | Identified the +8 falchion of Nightmares {vorpal, *Contam
                  | Fragile rPois rC+++} (You found it on level 2 of the Lair
                  | of Beasts)
 14832 | Lair:2   | Found a staircase to the Snake Pit.
 15503 | Lair:3   | Noticed Prince Ribbit
 15509 | Lair:3   | Killed Prince Ribbit
 15681 | Lair:3   | Reached skill level 10 in Spellcasting
 16288 | Lair:4   | Was forgiven by Kikubaaqudgha
 16398 | Lair:4   | Identified Yzer's Catalogue of the Frigorific Blaze
 17492 | Lair:6   | Entered Level 6 of the Lair of Beasts
 17858 | Lair:6   | Found a staircase to the Slime Pits.
 17859 | Lair:6   | Found a viscous altar of Jiyva.
 18301 | Lair:6   | Reached XP level 15. HP: 80/115 MP: 10/31
 18313 | Lair:6   | Reached skill level 5 in Shields
 18358 | Lair:6   | Found a large runed translucent door.
 18358 | Lair:6   | Found a large runed translucent door.
 18651 | D:9      | Lost mutation: You are agile. (Dex +2) [potion of mutation]
 18651 | D:9      | Gained mutation: Your system is resistant to poisons.
                  | (rPois) [potion of mutation]
 18651 | D:9      | Gained mutation: Your flesh is heat resistant. (rF+)
                  | [potion of mutation]
 18651 | D:9      | Gained mutation: You possess an exceptional clarity of
                  | mind. [potion of mutation]
 18651 | D:9      | Gained mutation: You are somewhat resistant to further
                  | mutation. [potion of mutation]
 18739 | D:11     | Learned a level 3 spell: Ozocubu's Armour
 20285 | D:13     | Reached skill level 10 in Shields
 20372 | D:13     | Found a gate leading to a gauntlet.
 20389 | Gauntlet | Entered a Gauntlet
 20389 | Gauntlet | Found a transporter.
 20389 | Gauntlet | Found a transporter.
 20397 | Gauntlet | Found a transporter.
 20401 | Gauntlet | Found a transporter.
 20409 | Gauntlet | Found a transporter.
 20413 | Gauntlet | Found a transporter.
 20422 | Gauntlet | Found a transporter.
 20437 | Gauntlet | Found a transporter.
 20451 | Gauntlet | Found a transporter.
 20455 | Gauntlet | Found a transporter.
 20466 | Gauntlet | Found a transporter.
 20467 | Gauntlet | Found a transporter.
 20565 | Gauntlet | Got a steaming gossamer ring
 20617 | Gauntlet | Got a brightly glowing ivory ring
 20621 | Gauntlet | Identified the ring of Zayt {rPois rF+ rC+ MR+ Stlth+} (You
                  | found it in a Gauntlet)
 20623 | Gauntlet | Identified the ring of Ywkuv {MR+ Str-2 Int+5} (You found
                  | it in a Gauntlet)
 20647 | Gauntlet | Got a coiled amber ring
 20671 | Gauntlet | Got a glimmering shortbow
 20671 | Gauntlet | Got a shimmering mace
 20715 | D:13     | Identified the ring "Kiptyzir" {MR+ Str+4 Slay-6} (You
                  | found it in a Gauntlet)
 20722 | D:13     | Identified the +6 shortbow "Cothroschu" {flame, rElec
                  | Int+3} (You found it in a Gauntlet)
 20723 | D:13     | Identified the +7 mace "Wuwioc" {speed, +Inv} (You found it
                  | in a Gauntlet)
 20743 | D:13     | Gained mutation: You occasionally shout uncontrollably at
                  | your foes. [mutagenic glow]
 20998 | D:13     | Got an iridescent morningstar
 21313 | D:13     | Got an ichor-stained dagger
 21389 | D:13     | Identified the cursed +2 morningstar "Sufidwyw" {freeze,
                  | Str+7 Int+8 Dex-3} (You found it on level 13 of the
                  | Dungeon)
 21391 | D:13     | Identified the +8 dagger "Wen Mial" {holy, Stlth+} (You
                  | found it on level 13 of the Dungeon)
 21848 | D:14     | Found a runed translucent door.
 21852 | D:14     | Noticed a storm dragon
 21935 | D:14     | Found a gate to the Vaults.
 22091 | D:14     | Killed a storm dragon
 22091 | D:14     | Reached XP level 16. HP: 45/122 MP: 21/32
 22277 | D:14     | Identified the Tome of Battle Magic and Enchantment
 22312 | D:15     | Entered Level 15 of the Dungeon
 22459 | D:15     | Found a sacrificial altar of Ru.
 22501 | D:15     | Found a blossoming altar of Fedhas.
 22615 | D:15     | Found the +4 skin of Zhor {Englaciate rC+++ SInv}
 22810 | D:15     | Reached skill level 15 in Shields
 23006 | D:15     | Found a staircase to the Depths.
 23343 | Snake:1  | Entered Level 1 of the Snake Pit
 23409 | Snake:1  | Reached skill level 10 in Earth Magic
 23533 | Snake:1  | Reached skill level 10 in Necromancy
 23824 | Snake:1  | Noticed Frances
 23832 | Snake:1  | Killed Frances
 23884 | Snake:1  | You fall into a shaft and drop 1 floor!
 23910 | Snake:2  | Reached XP level 17. HP: 98/128 MP: 21/34
 24010 | Snake:1  | Noticed Aizul
 24021 | Snake:1  | Killed Aizul
 24731 | Snake:2  | Noticed Saint Roka
 24948 | Snake:2  | Killed Saint Roka
 24948 | Snake:2  | Reached skill level 1 in Charms
 24948 | Snake:2  | Reached skill level 1 in Ice Magic
 25414 | Snake:2  | Got a fine chain mail
 25426 | Snake:2  | Identified the cursed +0 chain mail of Hedge Wizardry {rC+}
                  | (You found it on level 2 of the Snake Pit)
 25847 | Snake:3  | Got a masterwork halberd
 25848 | Snake:3  | Identified the cursed +1 halberd of the Forest {pain,
                  | *Noise rElec Stlth+} (You found it on level 3 of the Snake
                  | Pit)
 26314 | Snake:3  | Found Ichibbat's Armour Emporium.
 26449 | Snake:3  | Reached XP level 18. HP: 32/134 MP: 19/35
 27064 | Snake:4  | Entered Level 4 of the Snake Pit
 27064 | Snake:4  | Found Mudeit's Antique Armour Boutique.
 27121 | Snake:4  | Bought a tattered robe for 199 gold pieces
 27121 | Snake:4  | Bought a pair of masterwork gloves for 332 gold pieces
 27121 | Snake:4  | Bought a fine troll leather armour for 700 gold pieces
 27131 | Snake:4  | Identified the cursed +0 robe of Doomed Lucidity {Int+2}
                  | (You bought it in a shop on level 4 of the Snake Pit)
 27141 | Snake:4  | Identified the +2 pair of gloves "Koze Nawn" {Slay+3} (You
                  | bought it in a shop on level 4 of the Snake Pit)
 27152 | Snake:4  | Identified the +4 troll leather armour of the Jabberwock
                  | {rF+ Regen+} (You bought it in a shop on level 4 of the
                  | Snake Pit)
 27208 | Snake:4  | Reached skill level 5 in Charms
 27208 | Snake:4  | Reached skill level 5 in Ice Magic
 27862 | Snake:4  | Reached XP level 19. HP: 126/140 MP: 24/36
 27866 | Snake:4  | Got a serpentine rune of Zot
 28374 | Shoals:1 | Entered Level 1 of the Shoals
 28403 | Shoals:1 | Found Kezaekk's Jewellery Shop.
 28441 | Shoals:1 | Reached skill level 15 in Earth Magic
 28492 | Shoals:1 | Lost mutation: You occasionally shout uncontrollably at
                  | your foes. [potion of mutation]
 28492 | Shoals:1 | Lost mutation: Your flesh is heat resistant. (rF+) [potion
                  | of mutation]
 28492 | Shoals:1 | Lost mutation: Your system is resistant to poisons. (rPois)
                  | [potion of mutation]
 28492 | Shoals:1 | Gained mutation: You are covered in fur. (AC +1) [potion of
                  | mutation]
 28492 | Shoals:1 | Gained mutation: You have sharp fingernails. [potion of
                  | mutation]
 30177 | Shoals:3 | Reached skill level 15 in Necromancy
 30956 | Shoals:4 | Entered Level 4 of the Shoals
 30957 | Shoals:4 | Noticed Ilsuiw
 31487 | Shoals:4 | Reached XP level 20. HP: 111/147 MP: 7/37
 31512 | Shoals:4 | Killed Ilsuiw
 31871 | Shoals:4 | Got a barnacled rune of Zot
 31938 | Shoals:4 | Got a smoking tin ring
 31940 | Shoals:4 | Identified the ring "Woschuf" {rN+ Str+6 Int+6 SInv Stlth+}
                  | (You found it on level 4 of the Shoals)
 32474 | Shoals:4 | Got a polished war axe
 32475 | Shoals:4 | Identified the +11 war axe of Gimaetaa {freeze, rElec MR++}
                  | (You found it on level 4 of the Shoals)
 32710 | Vaults:1 | Entered Level 1 of the Vaults
 33766 | Vaults:1 | Noticed a Tzitzimitl
 33895 | Vaults:1 | Found Darevu's Armour Shop.
 33903 | Vaults:1 | Bought the +3 pair of gauntlets of War {Slay+5} for 997
                  | gold pieces
 33903 | Vaults:1 | Found the +3 pair of gauntlets of War {Slay+5}
 34189 | Vaults:1 | Reached XP level 21. HP: 150/153 MP: 11/38
 34492 | Vaults:2 | Noticed Jory
 34495 | Vaults:2 | Found a magical portal.
 34500 | Vaults:2 | Killed Jory
 34523 | WizLab   | Entered Wucad Mu's Monastery
 34686 | WizLab   | HP: 4/153 [monstrous demonspawn[old memories] (9)]
 35080 | WizLab   | Found the +9 staff of Wucad Mu {channel}
 35118 | WizLab   | Slain by a deep troll

Illustrated notes

Levels and vault maps discovered:
D:1:      dpeg_arrival_chambers_temple_mockup, layout_basic
D:2:      layout_basic, minitemple, first_ration, uniq_terence
D:3:      layout_rooms, bloody_trog, lemuel_crystal_altar, lemuel_round_altar,
          chequers_ecumenical_altar_simple_redux
D:4:      layout_rooms, lemuel_crystal_altar, ebering_ghost_rock_garden,
          minmay_starry_boxes, uniq_robin, uniq_pikel
D:5:      layout_rooms, kennysheep_mini, lemuel_crystal_altar,
          nicolae_elemental_shop, abandoned_shop, grunt_ministairs_14,
          uniq_sigmund, uniq_grinder
D:6:      layout_basic, nicolae_ashenzari_panopticon
D:7:      layout_loops_ring, marbit_many_paths, led_sif_pool,
          minmay_temple_entry_butterflies, gammafunk_ghost_icy
D:8:      minmay_the_grid_triangle_9x9_rhombus_thin
          [minmay_the_grid_triangle_9x9_flanged_cone,
          minmay_the_grid_triangle_9x9_prize_special,
          minmay_the_grid_triangle_9x9_dagger,
          minmay_the_grid_triangle_9x9_wacky_v], layout_layer_cave,
          nicolae_ru_the_path_less_chosen, lemuel_doored_altar, serial_shops,
          nicolae_shop_waterfront
D:9:      layout_rooms, lair_entry_dummy
D:10:     layout_long_grid, orc_0_dummy, uniq_harold, uniq_grum, uniq_fannar,
          uniq_sonja
D:11:     layout_basic, hangedman_stone_soup
D:12:     layout_irregular_city, serial_glass, glass_columns_b, glass_columns_a,
          glass_columns_c, glass_columns_a, glass_columns_a, glass_columns_a,
          glass_columns_a, glass_columns_a, glass_columns_b, glass_columns_a,
          glass_columns_a, glass_columns_b, glass_columns_b, glass_columns_a
D:13:     layout_loops_ring, gauntlet_entry_generic
D:14:     layout_gridville, david_vaults_1, minivault_13
D:15:     gammafunk_enter_depths_forms, layout_basic, basic_altar,
          kennysheep_crisscross, st_stairs_12, fedhas_altar_2
Temple:   kb_temple_of_zot
Lair:1:   layout_misc_corridors, uniq_nergalle
Lair:2:   layout_cave_pods, minmay_shoals_entry_lonely_mermaid,
          minmay_snake_entry_spellcaster, minmay_lair_oklob_chamber,
          infiniplex_staircase_pool
Lair:3:   layout_regular_city, uniq_prince_ribbit2
Lair:4:   layout_long_grid
Lair:5:   layout_regular_city
Lair:6:   cheibrodos_lair_end_hotspot, layout_loops_ring, slime_altar_1,
          chequers_serial_rivers_micro_d, serial_bayou_pond_e
Shoals:1: layout_shoals, serial_shops, nicolae_shop_trees
Shoals:2: layout_shoals
Shoals:3: layout_shoals
Shoals:4: shoals_end_hangedman, layout_shoals, shoal_ilsuiw
Snake:1:  layout_chambers, serial_bayou, serial_bayou_pond_b,
          serial_bayou_lagoon_a, serial_bayou_pond_b, serial_bayou_pond_b,
          serial_bayou_ford_a, serial_bayou_pond_b, nicolae_snake_shapes,
          uniq_frances, uniq_aizul
Snake:2:  layout_grid_shapes, uniq_saint_roka
Snake:3:  layout_honeycomb, serial_shops, shop_coins, drop_trap
Snake:4:  snake_pit, layout_misc_corridors, serial_shops,
          nicolae_shop_overgrown_old_shop
Orc:1:    layout_diamond_mine
Orc:2:    kennysheep_orc_mage_school, layout_diamond_mine, uniq_josephine
Vaults:1: nicolae_vaults_network_square, dpeg_vaults_monster_box, v_misc_15,
          hangedman_vaults_cutoff, v_misc_4, hangedman_vaults_restitches,
          v_pattern_4, special_room_vaults [special_room_orc],
          layout_vaults_omnigrid, serial_shops, nicolae_shop_crystal
Vaults:2: ebering_vaults_ghost_gozag, vaults_mumra_minichess,
          nicolae_vaults_little_squares_4, hangedman_vaults_maws, v_pattern_1,
          grunt_vaults_swirl, hangedman_vaults_trim, v_misc_5,
          ontoclasm_vaults_gateway, nicolae_vaults_little_squares_2,
          nicolae_vaults_rhombus_5, v_misc_25, layout_vaults_big_cross,
          lightli_enter_wizlab_magi_temple, uniq_jory
WizLab:   wizlab_wucad

Skill      XL: |  1  2  3  4  5  6  7  8  9 10 11 12 13 14 15 16 17 18 19 20 21 |
---------------+----------------------------------------------------------------+-----
Conjurations   | 1 2 3 4 5 6 |  6.0
Fire Magic     | 3 5 |  5.0
Air Magic      | 2 4 5 |  5.0
Dodging        | 2 3 5 6 8 |  8.0
Fighting       | 1 4 6 7 10 | 10.0
Armour         | 1 3 5 6 7 10 | 10.0
Shields        | 3 4 13 15 | 15.0
Necromancy     | 1 4 7 9 10 12 13 15 17 18 | 18.0
Spellcasting   | 5 6 7 12 13 | 13.0
Earth Magic    | 5 9 11 12 14 16 18 | 18.0
Charms         | 4 6 |  6.0
Ice Magic      | 4 6 |  6.0
Stealth        | |  2.4
Summonings     | |  1.0
Translocations | |  0.8

Action                   |  1- 3 |  4- 6 |  7- 9 | 10-12 | 13-15 | 16-18 | 19-21 || total
-------------------------+-------+-------+-------+-------+-------+-------+-------++-------
Melee: Club              |     6 |       |       |       |       |       |       ||     6
       Short sword       |     3 |       |       |       |       |       |       ||     3
       Whip              |       |    32 |   229 |   133 |     4 |       |       ||   398
       Mace              |       |       |       |   240 |    80 |    32 |    20 ||   372
       Dagger            |       |       |       |       |   228 |       |       ||   228
       Falchion          |       |       |       |       |   342 |       |       ||   342
       War axe           |       |       |       |       |       |       |   153 ||   153
 Fire: Hunting sling     |       |       |    21 |     2 |       |       |       ||    23
       Shortbow          |       |       |       |       |    79 |   512 |   381 ||   972
Throw: Dart              |       |     2 |       |       |       |       |       ||     2
       Stone             |       |       |     4 |       |       |       |       ||     4
       Javelin           |       |       |       |     2 |     1 |       |       ||     3
       Throwing net      |       |       |       |     1 |       |       |       ||     1
 Cast: Magic Dart        |    85 |    86 |   164 |    78 |    76 |       |       ||   489
       Mephitic Cloud    |       |     4 |    28 |    75 |    45 |     8 |    21 ||   181
       Conjure Flame     |       |     4 |    15 |    40 |    40 |     3 |    21 ||   123
       Dispel Undead     |       |       |       |    19 |    19 |     1 |     3 ||    42
       Vampiric Draining |       |       |       |    14 |     8 |     3 |     3 ||    28
       Borgnjor's Vile C |       |       |       |    23 |   170 |   257 |   293 ||   743
       Sublimation of Bl |       |       |       |       |     1 |       |     5 ||     6
       Ozocubu's Armour  |       |       |       |       |       |     4 |    13 ||    17
Invok: Receive Necronomi |       |       |       |     1 |       |       |       ||     1
       Renounce Religion |       |       |       |     1 |       |       |       ||     1
       Potion Petition   |       |       |       |       |       |       |     7 ||     7
 Abil: Dig               |     2 |     2 |     9 |    30 |    28 |    15 |    13 ||    99
Evoke: Wand              |       |       |       |     6 |       |       |       ||     6
  Use: Scroll            |       |     3 |     3 |     3 |    14 |    17 |     7 ||    47
       Potion            |       |       |       |       |     2 |     3 |    10 ||    15
 Stab: Sleeping          |       |     1 |     2 |     1 |     2 |       |       ||     6
       Confused          |       |       |     9 |    18 |    13 |       |       ||    40
       Distracted        |       |       |       |       |     6 |       |       ||     6
  Eat: Chunk             |     1 |     4 |    15 |    24 |       |       |       ||    44
       Ration            |       |       |     1 |     3 |    13 |     7 |     7 ||    31
Armor: Robe              |     5 |     9 |    66 |    26 |       |       |       ||   106
       Troll leather arm |       |       |       |   102 |   196 |    60 |   212 ||   570
Dodge: Dodged            |    34 |    27 |   125 |   298 |   550 |   147 |   384 ||  1565
Block: Buckler           |       |       |     7 |    94 |   155 |       |       ||   256
       Tower shield      |       |       |       |       |   141 |   363 |   700 ||  1204
       Rpst.: Falchion   |       |       |       |       |    76 |       |       ||    76
